 Dungeon Crawl Stone Soup version 0.27-a0-1182-gee19b5822f (webtiles) character file.

Game seed: 1105940691805100914

204 Froggeryz the Ruffian (level 5, -2/45 HPs)
             Began as a Ghoul Delver on May 18, 2021.
             Slain by Sigmund
             ... wielding a +0 scythe
              (6 damage)
             ... on level 2 of the Dungeon.
             The game lasted 00:04:58 (3012 turns).

Froggeryz the Ruffian (Ghoul Delver)                Turns: 3012, Time: 00:04:58

Health: -2/45      AC:  6    Str: 16 (17) XL:     5   Next: 82%
Magic:  4/4        EV: 10    Int:  5      God:
Gold:   94         SH:  0    Dex: 10      Spells: 4/4 levels left

rFire    . . .     SeeInvis .     - Unarmed
rCold    + . .     Faith    .   (no shield)
rNeg     + + +     Spirit   .   e - +0 ring mail
rPois    ∞         Reflect  .   (no helmet)
rElec    .         Harm     .   (no cloak)
rCorr    .         Rampage  .   (no gloves)
Will     .....                  g - +0 pair of boots
Stlth    +.........             (no amulet)
HPRegen  0.00/turn              (no ring)
MPRegen  0.09/turn              (no ring)

@: confused
A: claws 1, cold resistance 1, negative energy resistance 3, inhibited
regeneration, torment resistance 2
a: no special abilities


You were on level 2 of the Dungeon.
You visited 1 branch of the dungeon, and saw 5 of its levels.

You collected 94 gold pieces.

Inventory:

Missiles
 i - 2 poisoned darts (quivered)
Armour
 e - a +0 ring mail (worn)
 g - a +0 pair of boots (worn)
Wands
 f - a wand of digging (3)
Scrolls
 b - a scroll of fog
 c - a scroll of magic mapping
 d - 2 scrolls of identify {unknown}
 h - a scroll of enchant weapon {unknown}
 m - a scroll of acquirement {unknown}


   Skills:
 - Level 3.2 Fighting
 + Level 1.4 Armour
 - Level 1.7 Dodging
 - Level 5.4 Stealth
 * Level 6.1 Unarmed Combat


You had 4 spell levels left.
You didn't know any spells.
Your spell library was empty.

Dungeon Overview and Level Annotations

Branches:
Dungeon (5/15)
 Temple: D:4-7

Altars:

Annotations:
D:2 Sigmund


Innate Abilities, Weirdness & Mutations

You thrive by killing the living.
You are immune to poison.
You have sharp fingernails.
Your flesh is cold resistant. (rC+)
You are immune to negative energy. (rN+++)
You do not regenerate when monsters are visible.
You are immune to unholy pain and torment.


Message History

Throw: 6 darts (poison)
Press: ? - help, Q - select action Shift-Dir - straight line, f/p - Sigmund
Aim: Sigmund, wielding a +0 scythe and wearing a +0 robe (lightly wounded, very poisoned, 52% to hit)
You throw a poisoned dart.
The poisoned dart barely misses Sigmund.
Sigmund gestures at you while chanting. You resist with some effort.
Throw: 5 darts (poison)
Press: ? - help, Q - select action Shift-Dir - straight line, f/p - Sigmund
Aim: Sigmund, wielding a +0 scythe and wearing a +0 robe (lightly wounded, very poisoned, 52% to hit)
You throw a poisoned dart. The poisoned dart hits Sigmund.
Sigmund looks even sicker.
Sigmund is lightly wounded.
Sigmund hits you from afar with a +0 scythe.
Throw: 4 darts (poison)
Press: ? - help, Q - select action Shift-Dir - straight line, f/p - Sigmund
Aim: Sigmund, wielding a +0 scythe and wearing a +0 robe (lightly wounded, very poisoned, 52% to hit)
You throw a poisoned dart. The poisoned dart hits Sigmund.
Sigmund looks as sick as possible!
Sigmund is lightly wounded.
Sigmund hits you from afar with a +0 scythe.
Throw: 3 darts (poison)
Press: ? - help, Q - select action Shift-Dir - straight line, f/p - Sigmund
Aim: Sigmund, wielding a +0 scythe and wearing a +0 robe (lightly wounded, extremely poisoned, 52% to hit)
You throw a poisoned dart. The poisoned dart hits Sigmund.
Sigmund looks as sick as possible!
Sigmund is lightly wounded.
Sigmund hits you from afar with a +0 scythe!
* * * LOW HITPOINT WARNING * * *
Unknown command.
Sigmund barely misses you.
Sigmund points at you and mumbles some strange words.
You are confused.
You're too confused to move!
Sigmund barely misses you.
You bump into the rock wall.
Sigmund points at you and mumbles some strange words.
You resist with some effort. Sigmund hits you with a +0 scythe.
You die...

###.........# #.# #.
#...#......)# #.# #.
###.###.......# #.# #.
#######...# #.......#
#.# #. ........###
#.......# #.### #.
.############.##.####
#.†.# #. ## #<...##.#
###.## #. #)#####@#
#..# #.
##########(#####@# ##.#
#. ..........(..##..#
#.# #.
####.#######.##.######
#.# #. ####.#
#.........# #.####.
#....#
####.####.######.#....
#....#
#####.####.............
.....#
#..([........####......
.....#
#............@....!...#
.....##
#..........########....


You could see Sigmund (very poisoned).

Vanquished Creatures
  Jessica (D:2)
  2 orc wizards (D:3)
  4 gnolls
  2 adders (D:2)
  A worm (D:2)
  3 orcs (D:3)
  7 endoplasms
  2 goblins
  4 hobgoblins
  8 jackals
  9 quokkas
  4 ball pythons
  5 bats (D:1)
  4 frilled lizards
  5 kobolds
  4 rats
65 creatures vanquished.

Vanquished Creatures (others)
  53 plants (D:3)
53 creatures vanquished.

Grand Total: 118 creatures vanquished

Notes
Turn   | Place    | Note
-------+----------+-------------------------------------------
     0 | D:5      | Froggeryz the Ghoul Delver began the quest for the Orb.
     0 | D:5      | Reached XP level 1. HP: 19/19 MP: 0/0
    16 | D:4      | Noticed a scorpion
    16 | D:4      | Noticed a jelly
    46 | D:5      | Noticed a black bear
    53 | D:5      | Noticed an orc wizard
   152 | D:4      | Noticed a phantom
   438 | D:3      | Reached XP level 2. HP: 24/26 MP: 1/1
   460 | D:3      | Reached skill level 3 in Unarmed Combat
   544 | D:3      | Reached skill level 4 in Unarmed Combat
   544 | D:3      | Reached XP level 3. HP: 29/31 MP: 2/2
   555 | D:3      | Reached XP level 4. HP: 38/38 MP: 3/3
   723 | D:2      | Reached skill level 5 in Unarmed Combat
  1717 | D:1      | Reached XP level 5. HP: 20/45 MP: 4/4
  2036 | D:2      | Reached skill level 1 in Armour
  2049 | D:2      | Noticed Jessica
  2056 | D:2      | Killed Jessica
  2087 | D:2      | Noticed Sigmund
  2104 | D:2      | Reached skill level 6 in Unarmed Combat
  2227 | D:2      | Found a faded altar of an unknown god.
  3012 | D:2      | Slain by Sigmund

Illustrated notes

Levels and vault maps discovered:
D:1:      heliophobic_arrival_battle_scene, layout_basic
D:2:      layout_rooms, shapermc_ecumenical_altar_mp_highgroup, uniq_jessica,
          uniq_sigmund
D:3:      wad_woods_tower, layout_loops_ring, serial_shops,
          nicolae_shop_temple_entry_statues_fountains, kennysheep_pointless_box,
          minmay_surrounded
D:4:      layout_layer_cave
D:5:      minmay_razor_zed, layout_loops_cross, nicolae_dithmenos_the_darkroom

Skill      XL: |  1  2  3  4  5 |
---------------+----------------+-----
Unarmed Combat | 4 5 6 |  6.1
Armour         | 1 |  1.4
Fighting       | |  3.2
Dodging        | |  1.7
Stealth        | |  5.4

Action                   |  1- 3 |  4- 6 || total
-------------------------+-------+-------++-------
Melee: Unarmed           |    44 |   149 ||   193
Throw: Dart              |       |    12 ||    12
  Use: Scroll            |     2 |     1 ||     3
       Potion            |     1 |     4 ||     5
 Stab: Sleeping          |     2 |     7 ||     9
Armor: Leather armour    |    11 |    19 ||    30
       Ring mail         |       |    18 ||    18
Dodge: Dodged            |    13 |    91 ||   104

Table legend: (Time is in decaauts)
 A = Elapsed time spent in this place.
 B = Non-inter-level travel time spent in this place.
 C = Inter-level travel time spent in this place.
 D = Time resting spent in this place.
 E = Time spent auto-exploring this place.
 F = Levels seen in this place.
 G = Mean time per level.
                   A        B        C        D        E       F      G
               +--------+--------+--------+--------+--------+-----+--------+
         Total |   2983 |   2976 |      7 |   1084 |   1069 |   5 |  596.6 |
       Dungeon |   2983 |   2976 |      7 |   1084 |   1069 |   5 |  596.6 |
               +--------+--------+--------+--------+--------+-----+--------+

Top non-repeatable levels by time:
     D:1: 1407 daAuts
     D:2: 878 daAuts
     D:3: 542 daAuts
     D:5: 142 daAuts
     D:4: 13 daAuts
